 Dungeon Crawl Stone Soup version 0.23-a0-577-g2b1de94 (webtiles) character file.

14 ilii the Caller (level 2, -10/20 HPs)
             Began as a Merfolk Summoner on Dec 15, 2018.
             Mangled by Sigmund
             ... wielding a +0 scythe
              (14 damage)
             ... on level 2 of the Dungeon.
             The game lasted 00:04:26 (1244 turns).

ilii the Caller (Merfolk Summoner)                  Turns: 1244, Time: 00:04:28

Health: -10/20     AC:  3    Str:  8    XL:     2   Next: 41%
Magic:  5/5        EV: 18    Int: 19    God:
Gold:   53         SH:  0    Dex: 19    Spells: 4/5 levels left

rFire    . . .     SeeInvis .   i - +0 spear
rCold    . . .     Gourm    .   (no shield)
rNeg     . . .     Faith    .   a - +0 robe
rPois    .         Spirit   .   b - +0 helmet
rElec    .         Reflect  .   (no cloak)
rCorr    .         Harm     .   (no gloves)
MR       .....                  (no boots)
Stlth    +++.......             (no amulet)
HPRegen  0.06/turn              (no ring)
MPRegen  0.09/turn              (no ring)

@: brilliant, agile
A: change form in water, swift swim, stealthy swim
a: no special abilities


You were on level 2 of the Dungeon.
You were hungry.

You visited 1 branch of the dungeon, and saw 2 of its levels.

You collected 53 gold pieces.

Inventory:

Hand Weapons
 i - a +0 spear (weapon)
Armour
 a - a +0 robe (worn)
 b - a +0 helmet (worn)
Scrolls
 e - a scroll of noise {unknown}
 h - a scroll of amnesia {unknown}
 j - a scroll of enchant weapon {unknown}
 l - a scroll of immolation {unknown}
Comestibles
 c - 4 rations
 k - a chunk of flesh


   Skills:
 + Level 0.8 Fighting
 * Level 1.0 Polearms
 - Level 2.6 Dodging
 - Level 2.1 Stealth
 + Level 2.1 Spellcasting
 * Level 4.2 Summonings


You had 4 spell levels left.
You knew the following spells:

 Your Spells              Type           Power        Failure   Level  Hunger
a - Summon Small Mammal   Summ           ####         1%          1    #......

Your spell library contained the following spells:

 Spells                   Type           Power        Failure   Level  Hunger
 Call Imp                 Summ           ####....     1%          2    ##.....
 Call Canine Familiar     Summ           ####....     1%          3    ###....
 Summon Guardian Golem    Hex/Summ       ###.....     2%          3    ###....
 Summon Ice Beast         Ice/Summ       ###.....     8%          4    #####..
 Summon Lightning Spire   Summ/Air       ###.....     8%          4    #####..


Dungeon Overview and Level Annotations

Branches:
Dungeon (2/15)

Altars:
Okawaru

Annotations:
D:2 Sigmund


Message History

* * * LOW HITPOINT WARNING * * *
Something closely misses you.
It was a potion of curing.
You feel better. The bat misses you. The goblin barely misses you.
The bat completely misses you. The goblin closely misses you.
Something barely misses you. The bat barely misses you. Something hits you.
Found 10 gold pieces.
The bat hits you. The bat closely misses you. The bat barely misses you.
You miss the bat. The bat barely misses you.
The bat hits you but does no damage. The goblin closely misses you.
You hit the bat.
You kill the bat!
The goblin hits you.
* * * LOW HITPOINT WARNING * * *
Something hits you!
Ouch! That really hurt!
You die...

####...## ##... ...## ##...
....# ##...###.....
#............
#######..#.).).#
..$.....##.{_..#
###########...#.).).#..#
#.#....#<...#@g..........#
#.#.##.####)#.#...###....#
#.#.#.......#.##...# ......
#.#.#..######.###.....##.##
####.#.#.........# ##......
.. #.........##...#####
###### #
#.........##รท........
#.........##...######
#.........###+##


You could see a goblin.

Vanquished Creatures
  2 bats
  A hobgoblin (D:2)
  2 jackals (D:2)
  2 frilled lizards (D:1)
  A rat (D:2)
8 creatures vanquished.

Vanquished Creatures (collateral kills)
  2 dart slugs (D:1)
  A goblin (D:1)
  2 hobgoblins (D:1)
  A bat (D:2)
  A rat (D:2)
7 creatures vanquished.

Grand Total: 15 creatures vanquished

Notes
Turn   | Place    | Note
-------+----------+-------------------------------------------
     0 | D:1      | ilii the Merfolk Summoner began the quest for the Orb.
     0 | D:1      | Reached XP level 1. HP: 13/13 MP: 3/3
   809 | D:1      | Reached XP level 2. HP: 20/20 MP: 3/5
  1078 | D:2      | Reached skill level 1 in Polearms
  1221 | D:2      | Found an iron altar of Okawaru.
  1226 | D:2      | Noticed Sigmund
  1244 | D:2      | Mangled by Sigmund

Vault maps used:
D:1:      lightli_arrival_maybe_door_vault, hangedman_decor_slide_cut
D:2:      fiery_altar_vehumet, gammafunk_temple_overflow_wave, first_ration,
          serial_park_tiny_2, hangedman_abyss_or_decor_stabs,
          okawaru_ov_weapons_minmay, uniq_natasha, uniq_sigmund

Skill      XL: |  1  2 |
---------------+-------+-----
Polearms       | 1 |  1.0
Fighting       | |  0.8
Dodging        | |  2.6
Stealth        | |  2.1
Spellcasting   | |  2.1
Summonings     | |  4.2

Action                   || total
-------------------------++-------
Melee: Spear             ||    30
       Unarmed           ||     1
 Cast: Summon Small Mamm ||    26
  Use: Potion            ||     3
 Stab: Sleeping          ||     2
  Eat: Chunk             ||     1
Armor: Robe              ||    18
Dodge: Dodged            ||    47

Table legend:
 A = Non-vault XP
 B = Vault XP
 C = Vault XP percentage of total XP
 D = Non-vault monster count
 E = Vault monster count
 F = Vault count percentage of total count
                 A         B        C        D         E       F
            +---------+---------+-------+---------+---------+-------
      Total |      20 |       0 |   0.0 |      15 |       0 |   0.0
            +---------+---------+-------+---------+---------+-------
        D:1 |      11 |       0 |   0.0 |       8 |       0 |   0.0
        D:2 |       9 |       0 |   0.0 |       7 |       0 |   0.0
            +---------+---------+-------+---------+---------+-------
